[ AOE2 MATCH · #471307372 ]
UnrankedTeutons vs Lithuanians
[ REPLAY ANALYSIS · EXTRACTED FROM THE RECORDED GAME ]
Feudal
10:57
Castle
15:20
Imperial
31:23
| APM avg | 46.1 |
| APM peak | 116 |
| eAPM avg | 24.1 |
| Villagers / military | 170 / 251 |
Focus
⚔️ 30.5% · 🌾 69.5%
Knight ×243 · Trade Cart ×5 · Trebuchet (Packed) ×5 · Monk ×2 · Mangonel ×1
Feudal
10:47
Castle
21:41
Imperial
34:40
| APM avg | 54.1 |
| APM peak | 131 |
| eAPM avg | 37.9 |
| Villagers / military | 190 / 288 |
Focus
⚔️ 48.9% · 🌾 51.1%
Knight ×284 · Militia ×3 · Monk ×1
Feudal
12:30
Castle
17:32
Imperial
—
| APM avg | 19.0 |
| APM peak | 57 |
| eAPM avg | 12.9 |
| Villagers / military | 43 / 9 |
Focus
⚔️ 33.8% · 🌾 66.2%
Unknown (1974) ×20 · Battering Ram ×4 · Spearman ×3 · Mangonel ×2 · Unknown (1105) ×1
Feudal
12:45
Castle
18:02
Imperial
42:43
| APM avg | 40.4 |
| APM peak | 87 |
| eAPM avg | 27.6 |
| Villagers / military | 227 / 56 |
Focus
⚔️ 24.0% · 🌾 76.0%
Spearman ×34 · Longbowman ×12 · Mangonel ×7 · Trebuchet (Packed) ×3
Feudal
11:16
Castle
14:59
Imperial
27:49
| APM avg | 40.0 |
| APM peak | 98 |
| eAPM avg | 26.3 |
| Villagers / military | 161 / 366 |
Focus
⚔️ 34.3% · 🌾 65.7%
Spearman ×301 · Battering Ram ×47 · Mangonel ×7 · Militia ×5 · Trebuchet (Packed) ×5 · Monk ×1
Feudal
11:13
Castle
14:32
Imperial
29:13
| APM avg | 46.3 |
| APM peak | 85 |
| eAPM avg | 36.1 |
| Villagers / military | 218 / 277 |
Focus
⚔️ 20.3% · 🌾 79.7%
Spearman ×114 · Knight ×85 · Hand Cannoneer ×64 · Trade Cart ×25 · Bombard Cannon ×8 · Mangonel ×5
Feudal
9:55
Castle
18:52
Imperial
30:48
| APM avg | 55.5 |
| APM peak | 141 |
| eAPM avg | 38.7 |
| Villagers / military | 100 / 98 |
Focus
⚔️ 64.9% · 🌾 35.1%
Knight ×92 · Monk ×4 · Mangonel ×2
Feudal
11:52
Castle
23:42
Imperial
35:19
| APM avg | 42.9 |
| APM peak | 101 |
| eAPM avg | 28.4 |
| Villagers / military | 237 / 98 |
Focus
⚔️ 36.9% · 🌾 63.1%
War Wagon ×90 · Militia ×6 · Monk ×1 · Iron Pagoda ×1
Match map
Initial resources + every placement click. Lines = walls · curves = elevation contours. ◆ gold · ⬟ stone · ● berries · ✦ relic · ◌ wall gap
Inputs per minute
— friend00792 - - Tony Pitony
Build order — friend00792
First 150 of 539 actions detected
| 0:01 | Create | Villager (Male) |
| 0:02 | Create | Villager (Male) |
| 0:02 | Build | House |
| 0:05 | Build | House |
| 0:08 | Create | Villager (Male) |
| 0:08 | Create | Villager (Male) |
| 1:29 | Create | Villager (Male) |
| 1:30 | Create | Villager (Male) |
| 1:56 | Create | Villager (Male) |
| 1:57 | Create | Villager (Male) |
| 2:20 | Create | Villager (Male) |
| 2:20 | Create | Villager (Male) |
| 2:31 | Build | Lumber Camp |
| 2:41 | Create | Villager (Male) |
| 3:08 | Create | Villager (Male) |
| 3:08 | Create | Villager (Male) |
| 3:30 | Create | Villager (Male) |
| 3:41 | Build | House |
| 3:55 | Build | House |
| 4:01 | Create | Villager (Male) |
| 4:18 | Create | Villager (Male) |
| 4:18 | Create | Villager (Male) |
| 4:31 | Build | House |
| 4:52 | Create | Villager (Male) |
| 5:18 | Create | Villager (Male) |
| 5:18 | Create | Villager (Male) |
| 5:48 | Create | Villager (Male) |
| 5:48 | Create | Villager (Male) |
| 5:58 | Build | Mill |
| 6:24 | Create | Villager (Male) |
| 6:24 | Create | Villager (Male) |
| 6:52 | Create | Villager (Male) |
| 7:11 | Build | Mining Camp |
| 7:29 | Create | Villager (Male) |
| 8:06 | Create | Villager (Male) |
| 8:24 | Build | Farm |
| 8:41 | Build | Farm |
| 8:45 | Research | Feudal Age |
| 9:36 | Build | Farm |
| 9:38 | Build | Farm |
| 9:41 | Build | Farm |
| 10:11 | Create | Villager (Male) |
| 10:36 | Build | Farm |
| 10:57 | Age | Feudal Age |
| 11:09 | Research | Loom |
| 11:20 | Create | Villager (Male) |
| 11:21 | Build | Market |
| 11:32 | Build | Blacksmith |
| 11:37 | Create | Villager (Male) |
| 12:40 | Research | Castle Age |
| 12:40 | Research | Castle Age |
| 14:18 | Research | Double-Bit Axe |
| 14:19 | Research | Double-Bit Axe |
| 14:19 | Research | Double-Bit Axe |
| 14:40 | Research | Horse Collar |
| 14:41 | Research | Horse Collar |
| 14:53 | Create | Villager (Male) |
| 15:20 | Age | Castle Age |
| 15:23 | Build | Town Center |
| 15:27 | Create | Villager (Male) |
| 15:31 | Build | Town Center |
| 15:41 | Create | Villager (Male) |
| 15:56 | Research | Bow Saw |
| 15:56 | Research | Bow Saw |
| 15:59 | Create | Villager (Male) |
| 16:13 | Build | House |
| 16:15 | Build | House |
| 16:27 | Research | Wheelbarrow |
| 16:27 | Research | Wheelbarrow |
| 16:29 | Create | Villager (Male) |
| 16:50 | Create | Villager (Male) |
| 16:52 | Create | Villager (Male) |
| 16:52 | Create | Villager (Male) |
| 16:54 | Build | Farm |
| 16:56 | Build | Farm |
| 17:05 | Create | Villager (Male) |
| 17:06 | Build | Farm |
| 17:07 | Build | Farm |
| 17:08 | Build | House |
| 17:08 | Build | House |
| 17:17 | Create | Villager (Male) |
| 17:17 | Create | Villager (Male) |
| 17:37 | Create | Villager (Male) |
| 17:37 | Build | Farm |
| 17:41 | Create | Villager (Male) |
| 17:41 | Create | Villager (Male) |
| 17:44 | Build | Farm |
| 17:54 | Build | House |
| 17:54 | Build | House |
| 17:55 | Build | House |
| 17:55 | Build | House |
| 17:55 | Build | House |
| 17:59 | Build | Farm |
| 18:00 | Build | Farm |
| 18:11 | Create | Villager (Male) |
| 18:11 | Create | Villager (Male) |
| 18:11 | Create | Villager (Male) |
| 18:14 | Build | Farm |
| 18:15 | Build | Farm |
| 18:33 | Create | Villager (Male) |
| 18:33 | Create | Villager (Male) |
| 18:33 | Create | Villager (Male) |
| 18:35 | Build | Farm |
| 18:37 | Build | Farm |
| 18:38 | Build | Farm |
| 18:41 | Build | Farm |
| 18:42 | Create | Villager (Male) |
| 18:42 | Create | Villager (Male) |
| 18:50 | Build | Farm |
| 18:51 | Build | Farm |
| 18:58 | Build | Farm |
| 18:58 | Build | Farm |
| 19:00 | Create | Villager (Male) |
| 19:00 | Create | Villager (Male) |
| 19:01 | Create | Villager (Male) |
| 19:08 | Create | Villager (Male) |
| 19:08 | Create | Villager (Male) |
| 19:16 | Build | Barracks |
| 19:18 | Create | Villager (Male) |
| 19:18 | Create | Villager (Male) |
| 19:18 | Create | Villager (Male) |
| 19:29 | Build | Farm |
| 19:30 | Build | Farm |
| 19:31 | Build | Farm |
| 19:33 | Build | Farm |
| 19:35 | Create | Villager (Male) |
| 19:35 | Create | Villager (Male) |
| 19:35 | Create | Villager (Male) |
| 19:39 | Build | House |
| 19:42 | Build | House |
| 19:43 | Build | House |
| 19:44 | Create | Villager (Male) |
| 19:44 | Create | Villager (Male) |
| 19:44 | Create | Villager (Male) |
| 19:54 | Create | Villager (Male) |
| 19:54 | Create | Villager (Male) |
| 19:54 | Create | Villager (Male) |
| 20:02 | Create | Villager (Male) |
| 20:03 | Create | Villager (Male) |
| 20:03 | Create | Villager (Male) |
| 20:18 | Build | House |
| 20:19 | Build | Stable |
| 20:21 | Create | Villager (Male) |
| 20:21 | Create | Villager (Male) |
| 20:21 | Create | Villager (Male) |
| 20:36 | Build | Siege Workshop |
| 20:38 | Create | Villager (Male) |
| 20:42 | Build | Stable |
| 20:44 | Create | Villager (Male) |
| 20:44 | Create | Villager (Male) |
Build order — Tony Pitony
First 150 of 696 actions detected
| 0:01 | Create | Villager (Male) |
| 0:01 | Create | Villager (Male) |
| 0:02 | Build | House |
| 0:04 | Build | House |
| 0:09 | Create | Villager (Male) |
| 0:10 | Create | Villager (Male) |
| 0:10 | Create | Villager (Male) |
| 0:13 | Research | Loom |
| 0:14 | Create | Villager (Male) |
| 0:14 | Create | Villager (Male) |
| 0:14 | Create | Villager (Male) |
| 0:32 | Create | Villager (Male) |
| 0:32 | Create | Villager (Male) |
| 0:33 | Create | Villager (Male) |
| 0:58 | Build | Palisade Wall |
| 2:18 | Create | Villager (Male) |
| 2:19 | Create | Villager (Male) |
| 3:06 | Build | Lumber Camp |
| 3:12 | Create | Villager (Male) |
| 3:12 | Create | Villager (Male) |
| 3:26 | Create | Villager (Male) |
| 3:52 | Build | House |
| 3:59 | Create | Villager (Male) |
| 4:00 | Create | Villager (Male) |
| 4:21 | Create | Villager (Male) |
| 4:21 | Create | Villager (Male) |
| 4:56 | Create | Villager (Male) |
| 4:56 | Create | Villager (Male) |
| 5:07 | Build | Mill |
| 5:21 | Create | Villager (Male) |
| 5:21 | Create | Villager (Male) |
| 5:37 | Create | Villager (Male) |
| 5:38 | Create | Villager (Male) |
| 6:00 | Create | Villager (Male) |
| 6:00 | Create | Villager (Male) |
| 6:14 | Create | Villager (Male) |
| 6:16 | Create | Villager (Male) |
| 6:43 | Build | House |
| 6:43 | Create | Villager (Male) |
| 6:44 | Create | Villager (Male) |
| 7:12 | Build | Mill |
| 7:27 | Create | Villager (Male) |
| 7:45 | Build | House |
| 7:59 | Create | Villager (Male) |
| 8:37 | Research | Feudal Age |
| 8:43 | Build | Barracks |
| 9:16 | Create | Villager (Male) |
| 9:44 | Create | Militia |
| 9:44 | Create | Militia |
| 9:50 | Build | Mining Camp |
| 10:13 | Create | Villager (Male) |
| 10:34 | Create | Militia |
| 10:47 | Age | Feudal Age |
| 10:57 | Build | Watch Tower |
| 11:01 | Create | Villager (Male) |
| 11:12 | Build | Palisade Wall |
| 11:28 | Create | Villager (Male) |
| 11:55 | Build | Mining Camp |
| 12:05 | Create | Villager (Male) |
| 12:14 | Build | Stone Wall |
| 12:33 | Build | Building 804 |
| 12:37 | Build | House |
| 12:37 | Create | Villager (Male) |
| 13:16 | Build | Stone Wall |
| 13:23 | Create | Villager (Male) |
| 13:23 | Create | Villager (Male) |
| 13:42 | Build | Watch Tower |
| 13:51 | Create | Villager (Male) |
| 14:14 | Build | Stone Wall |
| 14:18 | Create | Villager (Male) |
| 14:45 | Create | Villager (Male) |
| 15:20 | Build | Farm |
| 15:27 | Build | Farm |
| 15:31 | Create | Villager (Male) |
| 15:32 | Create | Villager (Male) |
| 15:33 | Create | Villager (Male) |
| 15:50 | Build | Farm |
| 15:57 | Build | Farm |
| 16:03 | Build | House |
| 16:08 | Create | Villager (Male) |
| 16:14 | Build | Farm |
| 16:46 | Build | Farm |
| 16:47 | Create | Villager (Male) |
| 16:49 | Build | Farm |
| 16:57 | Build | Farm |
| 17:11 | Build | Lumber Camp |
| 17:21 | Create | Villager (Male) |
| 17:21 | Create | Villager (Male) |
| 17:59 | Build | Market |
| 18:20 | Create | Villager (Male) |
| 18:27 | Build | Blacksmith |
| 19:01 | Research | Castle Age |
| 19:01 | Research | Castle Age |
| 19:01 | Research | Castle Age |
| 19:10 | Build | Stone Wall |
| 19:17 | Build | Stone Wall |
| 19:26 | Research | Horse Collar |
| 19:27 | Research | Horse Collar |
| 19:29 | Research | Gold Mining |
| 19:34 | Build | Farm |
| 19:41 | Build | Stone Wall |
| 19:42 | Build | Stone Wall |
| 19:48 | Create | Villager (Male) |
| 19:49 | Create | Villager (Male) |
| 20:03 | Build | Outpost |
| 20:12 | Build | Stone Wall |
| 20:15 | Build | Stone Wall |
| 20:29 | Research | Town Watch |
| 20:30 | Research | Wheelbarrow |
| 20:39 | Build | Stone Wall |
| 21:08 | Build | Stone Wall |
| 21:30 | Create | Villager (Male) |
| 21:30 | Create | Villager (Male) |
| 21:41 | Age | Castle Age |
| 21:44 | Build | Town Center |
| 21:52 | Build | Town Center |
| 21:56 | Research | Double-Bit Axe |
| 21:56 | Research | Double-Bit Axe |
| 21:57 | Research | Heavy Plow |
| 21:57 | Research | Heavy Plow |
| 22:16 | Build | House |
| 22:17 | Build | House |
| 22:20 | Build | House |
| 22:23 | Build | House |
| 22:39 | Research | Bow Saw |
| 22:39 | Research | Bow Saw |
| 23:01 | Create | Villager (Male) |
| 23:01 | Create | Villager (Male) |
| 23:01 | Create | Villager (Male) |
| 23:04 | Build | Farm |
| 23:05 | Build | Farm |
| 23:07 | Build | Farm |
| 23:08 | Create | Villager (Male) |
| 23:14 | Create | Villager (Male) |
| 23:14 | Create | Villager (Male) |
| 23:16 | Build | Farm |
| 23:17 | Build | Farm |
| 23:19 | Build | Farm |
| 23:31 | Build | Farm |
| 23:32 | Create | Villager (Male) |
| 23:32 | Create | Villager (Male) |
| 23:53 | Build | Monastery |
| 23:54 | Create | Villager (Male) |
| 23:54 | Create | Villager (Male) |
| 23:54 | Create | Villager (Male) |
| 24:08 | Create | Villager (Male) |
| 24:08 | Create | Villager (Male) |
| 24:09 | Create | Villager (Male) |
| 24:16 | Build | Farm |
| 24:19 | Create | Villager (Male) |
Build order — TheFaceless23
134 actions detected in the replay
| 0:02 | Create | Villager (Male) |
| 0:02 | Create | Villager (Male) |
| 0:03 | Build | House |
| 0:04 | Build | House |
| 0:19 | Research | Loom |
| 0:25 | Create | Villager (Male) |
| 0:26 | Create | Villager (Male) |
| 0:26 | Create | Villager (Male) |
| 0:59 | Build | Palisade Wall |
| 2:42 | Create | Villager (Male) |
| 3:24 | Create | Villager (Male) |
| 4:04 | Create | Villager (Male) |
| 4:22 | Create | Villager (Male) |
| 5:14 | Create | Villager (Male) |
| 5:28 | Create | Villager (Male) |
| 5:37 | Build | Palisade Wall |
| 5:42 | Build | Palisade Wall |
| 5:50 | Create | Villager (Male) |
| 6:23 | Create | Villager (Male) |
| 6:37 | Create | Villager (Male) |
| 6:47 | Build | House |
| 6:49 | Create | Villager (Male) |
| 7:11 | Build | Palisade Wall |
| 7:16 | Create | Villager (Male) |
| 7:19 | Build | Palisade Wall |
| 7:25 | Build | Palisade Wall |
| 7:39 | Create | Villager (Male) |
| 7:49 | Create | Villager (Male) |
| 8:32 | Build | Lumber Camp |
| 8:37 | Build | House |
| 9:02 | Create | Villager (Male) |
| 9:13 | Create | Villager (Male) |
| 9:38 | Build | Mining Camp |
| 9:51 | Create | Villager (Male) |
| 10:17 | Research | Feudal Age |
| 10:40 | Build | Mill |
| 11:22 | Build | Mill |
| 11:30 | Create | Villager (Male) |
| 12:30 | Age | Feudal Age |
| 12:31 | Build | Market |
| 12:42 | Build | Stone Wall |
| 12:44 | Build | Stone Wall |
| 12:46 | Build | Stone Wall |
| 12:48 | Build | Stone Wall |
| 12:51 | Build | Outpost |
| 12:52 | Build | Outpost |
| 12:55 | Build | Outpost |
| 12:56 | Build | Outpost |
| 13:02 | Create | Villager (Male) |
| 13:04 | Create | Villager (Male) |
| 13:13 | Build | House |
| 14:00 | Create | Villager (Male) |
| 14:02 | Build | Blacksmith |
| 14:27 | Create | Villager (Male) |
| 14:31 | Build | House |
| 14:33 | Build | House |
| 14:51 | Research | Castle Age |
| 15:07 | Build | Farm |
| 15:26 | Build | Farm |
| 15:40 | Research | Double-Bit Axe |
| 16:27 | Build | Farm |
| 16:40 | Build | Barracks |
| 17:14 | Build | Barracks |
| 17:19 | Create | Villager (Male) |
| 17:23 | Create | Villager (Male) |
| 17:32 | Age | Castle Age |
| 17:48 | Build | Siege Workshop |
| 18:02 | Create | Spearman |
| 18:03 | Create | Unit 1974 |
| 18:06 | Build | Farm |
| 18:06 | Create | Villager (Male) |
| 18:10 | Build | Farm |
| 18:25 | Create | Villager (Male) |
| 18:28 | Build | Farm |
| 18:42 | Create | Unit 1974 |
| 18:49 | Create | Battering Ram |
| 18:51 | Create | Villager (Male) |
| 19:01 | Create | Villager (Male) |
| 19:03 | Create | Unit 1974 |
| 19:05 | Create | Unit 1974 |
| 19:08 | Research | Squires |
| 19:12 | Build | Farm |
| 19:14 | Build | Farm |
| 19:25 | Build | Farm |
| 19:44 | Create | Unit 1974 |
| 19:44 | Create | Spearman |
| 19:52 | Create | Unit 1105 |
| 19:55 | Create | Villager (Male) |
| 19:57 | Create | Unit 1974 |
| 20:04 | Build | House |
| 20:04 | Build | House |
| 20:06 | Build | House |
| 20:07 | Build | House |
| 20:14 | Create | Unit 1974 |
| 20:22 | Build | Farm |
| 20:27 | Create | Battering Ram |
| 20:35 | Create | Unit 1974 |
| 20:40 | Build | Farm |
| 20:44 | Build | Farm |
| 20:46 | Create | Villager (Male) |
| 21:02 | Create | Unit 1974 |
| 21:08 | Build | Farm |
| 21:11 | Build | Farm |
| 21:12 | Create | Villager (Male) |
| 21:29 | Create | Unit 1974 |
| 22:29 | Create | Unit 1974 |
| 22:48 | Create | Unit 1974 |
| 22:48 | Create | Unit 1974 |
| 22:55 | Create | Battering Ram |
| 23:19 | Create | Spearman |
| 23:21 | Create | Battering Ram |
| 24:10 | Create | Unit 1974 |
| 24:10 | Create | Unit 1974 |
| 24:25 | Create | Unit 1974 |
| 24:25 | Create | Unit 1974 |
| 24:59 | Create | Mangonel |
| 25:03 | Create | Villager (Male) |
| 25:05 | Build | Farm |
| 25:05 | Build | Farm |
| 25:07 | Create | Villager (Male) |
| 25:14 | Create | Villager (Male) |
| 25:21 | Build | Town Center |
| 26:03 | Create | Unit 1974 |
| 26:04 | Create | Unit 1974 |
| 26:04 | Create | Unit 1974 |
| 26:23 | Create | Villager (Male) |
| 26:23 | Create | Villager (Male) |
| 26:30 | Create | Mangonel |
| 26:33 | Create | Villager (Male) |
| 26:35 | Build | Farm |
| 26:36 | Build | Farm |
| 26:36 | Build | Farm |
| 26:37 | Create | Villager (Male) |
| 26:38 | Create | Villager (Male) |
Build order — hanson013
First 150 of 411 actions detected
| 0:01 | Create | Villager (Male) |
| 0:02 | Build | House |
| 0:03 | Build | House |
| 0:12 | Research | Loom |
| 0:28 | Create | Villager (Male) |
| 0:29 | Create | Villager (Male) |
| 0:29 | Create | Villager (Male) |
| 0:29 | Create | Villager (Male) |
| 0:34 | Build | Palisade Wall |
| 0:45 | Build | Palisade Wall |
| 3:04 | Build | Palisade Wall |
| 3:20 | Create | Villager (Male) |
| 3:20 | Create | Villager (Male) |
| 4:23 | Create | Villager (Male) |
| 4:24 | Create | Villager (Male) |
| 4:24 | Create | Villager (Male) |
| 5:08 | Create | Villager (Male) |
| 5:08 | Create | Villager (Male) |
| 5:11 | Build | Lumber Camp |
| 5:43 | Create | Villager (Male) |
| 5:43 | Create | Villager (Male) |
| 5:43 | Create | Villager (Male) |
| 6:16 | Create | Villager (Male) |
| 6:16 | Create | Villager (Male) |
| 6:16 | Create | Villager (Male) |
| 6:37 | Create | Villager (Male) |
| 6:37 | Create | Villager (Male) |
| 6:48 | Build | Palisade Wall |
| 7:05 | Build | House |
| 7:10 | Create | Villager (Male) |
| 7:10 | Create | Villager (Male) |
| 7:10 | Create | Villager (Male) |
| 7:28 | Create | Villager (Male) |
| 7:38 | Create | Villager (Male) |
| 7:38 | Create | Villager (Male) |
| 7:38 | Create | Villager (Male) |
| 8:28 | Create | Villager (Male) |
| 8:28 | Create | Villager (Male) |
| 8:29 | Create | Villager (Male) |
| 8:45 | Build | House |
| 9:02 | Build | House |
| 9:10 | Create | Villager (Male) |
| 9:10 | Create | Villager (Male) |
| 9:10 | Create | Villager (Male) |
| 9:10 | Create | Villager (Male) |
| 9:10 | Create | Villager (Male) |
| 9:23 | Build | Mining Camp |
| 9:29 | Build | Mill |
| 10:35 | Research | Feudal Age |
| 10:35 | Research | Feudal Age |
| 11:53 | Create | Villager (Male) |
| 11:53 | Create | Villager (Male) |
| 12:10 | Build | Mining Camp |
| 12:45 | Age | Feudal Age |
| 12:49 | Build | Stone Wall |
| 12:53 | Build | Stone Wall |
| 13:13 | Build | Market |
| 13:42 | Create | Villager (Male) |
| 13:53 | Build | Blacksmith |
| 14:13 | Create | Villager (Male) |
| 14:42 | Build | Stone Wall |
| 15:22 | Research | Castle Age |
| 15:22 | Research | Castle Age |
| 15:53 | Research | Double-Bit Axe |
| 16:41 | Build | Palisade Wall |
| 16:53 | Build | Mining Camp |
| 17:04 | Build | Outpost |
| 17:12 | Build | Outpost |
| 17:23 | Build | Stone Wall |
| 17:30 | Build | House |
| 17:31 | Build | House |
| 17:45 | Build | Stone Wall |
| 17:59 | Build | Stone Wall |
| 18:02 | Age | Castle Age |
| 18:08 | Build | Siege Workshop |
| 18:12 | Create | Villager (Male) |
| 18:12 | Create | Villager (Male) |
| 18:12 | Create | Villager (Male) |
| 18:12 | Create | Villager (Male) |
| 18:26 | Build | Town Center |
| 18:59 | Build | House |
| 19:00 | Build | House |
| 19:02 | Build | Outpost |
| 19:22 | Build | Stone Wall |
| 19:28 | Create | Villager (Male) |
| 19:36 | Create | Villager (Male) |
| 19:37 | Create | Mangonel |
| 19:44 | Research | Town Watch |
| 19:51 | Create | Villager (Male) |
| 19:51 | Create | Villager (Male) |
| 20:10 | Create | Villager (Male) |
| 20:10 | Create | Villager (Male) |
| 20:16 | Create | Villager (Male) ×3 |
| 20:33 | Build | Town Center |
| 20:43 | Build | Building 673 |
| 20:51 | Create | Villager (Male) ×3 |
| 20:51 | Create | Villager (Male) ×3 |
| 21:20 | Research | Horse Collar |
| 21:26 | Research | Bow Saw |
| 21:26 | Create | Villager (Male) |
| 21:37 | Build | Farm |
| 21:47 | Build | Stone Wall |
| 21:53 | Build | Stone Wall |
| 22:01 | Build | Stone Wall |
| 22:09 | Build | Stone Wall |
| 22:14 | Build | Stone Wall |
| 23:05 | Create | Villager (Male) ×3 |
| 23:17 | Build | Farm |
| 23:17 | Build | Farm |
| 23:17 | Build | Farm |
| 23:18 | Build | Farm |
| 23:18 | Build | Farm |
| 23:18 | Build | Farm |
| 23:23 | Build | Stone Wall |
| 23:27 | Build | Stone Wall |
| 23:41 | Build | Farm |
| 23:46 | Build | Farm |
| 23:53 | Build | Stone Wall |
| 23:56 | Build | Stone Wall |
| 24:04 | Build | Stone Wall |
| 24:14 | Build | Stone Wall |
| 24:20 | Build | Stone Wall |
| 24:26 | Build | Stone Wall |
| 24:43 | Build | Stone Wall |
| 24:59 | Build | Stone Wall |
| 25:01 | Create | Villager (Male) |
| 25:05 | Create | Mangonel |
| 25:05 | Create | Mangonel |
| 25:08 | Build | Stone Wall |
| 25:10 | Build | Stone Wall |
| 25:14 | Build | Stone Wall |
| 25:18 | Create | Villager (Male) |
| 25:20 | Build | Stone Wall |
| 25:29 | Build | Farm |
| 25:35 | Build | Stone Wall |
| 25:38 | Build | Stone Wall |
| 25:41 | Build | Stone Wall |
| 25:50 | Build | Stone Wall |
| 25:51 | Build | Stone Wall |
| 25:53 | Create | Mangonel |
| 25:55 | Build | Stone Wall |
| 25:58 | Build | Stone Wall |
| 26:03 | Build | Stone Wall |
| 26:12 | Build | Stone Wall |
| 26:17 | Create | Villager (Male) |
| 26:25 | Build | Stone Wall |
| 26:26 | Create | Villager (Male) |
| 26:30 | Build | Stone Wall |
| 26:33 | Build | Stone Wall |
| 26:41 | Create | Villager (Male) |
Build order — Contadinu(?)
First 150 of 483 actions detected
| 0:01 | Create | Villager (Male) |
| 0:03 | Build | House |
| 0:04 | Build | House |
| 0:10 | Create | Villager (Male) |
| 0:23 | Create | Villager (Male) |
| 0:29 | Create | Villager (Male) |
| 1:34 | Create | Villager (Male) |
| 1:56 | Create | Villager (Male) |
| 1:59 | Build | Lumber Camp |
| 2:24 | Create | Villager (Male) |
| 2:25 | Create | Villager (Male) |
| 2:58 | Create | Villager (Male) |
| 2:59 | Create | Villager (Male) |
| 3:25 | Create | Villager (Male) |
| 3:25 | Create | Villager (Male) |
| 3:54 | Create | Villager (Male) |
| 3:54 | Create | Villager (Male) |
| 3:58 | Build | Mill |
| 4:16 | Create | Villager (Male) |
| 4:16 | Create | Villager (Male) |
| 4:48 | Create | Villager (Male) |
| 4:48 | Create | Villager (Male) |
| 4:49 | Create | Villager (Male) |
| 5:03 | Research | Loom |
| 5:16 | Build | House |
| 5:28 | Build | House |
| 5:31 | Create | Villager (Male) |
| 5:47 | Create | Villager (Male) |
| 6:01 | Create | Villager (Male) |
| 6:22 | Create | Villager (Male) |
| 6:22 | Create | Villager (Male) |
| 6:54 | Create | Villager (Male) |
| 7:16 | Create | Villager (Male) |
| 7:31 | Create | Villager (Male) |
| 7:57 | Create | Villager (Male) |
| 8:45 | Build | Mining Camp |
| 8:50 | Research | Feudal Age |
| 9:25 | Build | Farm |
| 9:26 | Build | Farm |
| 11:00 | Build | House |
| 11:16 | Age | Feudal Age |
| 11:18 | Build | Market |
| 11:21 | Build | Blacksmith |
| 11:23 | Create | Villager (Male) |
| 11:23 | Create | Villager (Male) |
| 12:09 | Build | Farm |
| 12:13 | Build | Farm |
| 12:19 | Research | Castle Age |
| 12:19 | Research | Castle Age |
| 12:32 | Build | Farm |
| 13:25 | Research | Double-Bit Axe |
| 13:25 | Research | Double-Bit Axe |
| 14:03 | Research | Horse Collar |
| 14:55 | Create | Villager (Male) |
| 14:59 | Age | Castle Age |
| 15:00 | Create | Villager (Male) |
| 15:02 | Create | Villager (Male) |
| 15:09 | Build | Town Center |
| 15:12 | Build | Town Center |
| 15:15 | Create | Villager (Male) |
| 15:30 | Build | Farm |
| 15:41 | Create | Villager (Male) |
| 15:53 | Build | House |
| 15:59 | Build | House |
| 15:59 | Create | Villager (Male) |
| 16:13 | Research | Wheelbarrow |
| 16:40 | Build | Farm |
| 16:48 | Build | Farm |
| 16:55 | Create | Villager (Male) |
| 16:56 | Create | Villager (Male) |
| 16:56 | Create | Villager (Male) |
| 16:56 | Create | Villager (Male) |
| 16:57 | Create | Villager (Male) |
| 17:17 | Research | Bow Saw |
| 17:18 | Research | Bow Saw |
| 17:42 | Create | Villager (Male) |
| 17:45 | Create | Villager (Male) |
| 17:45 | Create | Villager (Male) |
| 17:59 | Build | Town Center |
| 18:00 | Create | Villager (Male) |
| 18:07 | Build | Farm |
| 18:16 | Build | Farm |
| 18:17 | Build | Farm |
| 18:20 | Create | Villager (Male) |
| 18:20 | Create | Villager (Male) |
| 18:21 | Create | Villager (Male) |
| 18:21 | Create | Villager (Male) |
| 18:27 | Build | Farm |
| 18:30 | Build | Farm |
| 18:36 | Build | House |
| 18:37 | Build | House |
| 18:38 | Create | Villager (Male) |
| 18:38 | Create | Villager (Male) |
| 18:48 | Build | Farm |
| 18:52 | Create | Villager (Male) |
| 18:52 | Create | Villager (Male) |
| 18:54 | Build | Farm |
| 18:57 | Create | Villager (Male) |
| 18:57 | Create | Villager (Male) |
| 19:05 | Build | Farm |
| 19:08 | Build | Farm |
| 19:09 | Create | Villager (Male) |
| 19:09 | Create | Villager (Male) |
| 19:18 | Create | Villager (Male) |
| 19:26 | Build | Farm |
| 19:30 | Create | Villager (Male) |
| 19:32 | Build | Farm |
| 19:37 | Create | Villager (Male) |
| 19:37 | Create | Villager (Male) |
| 19:40 | Create | Villager (Male) |
| 19:40 | Create | Villager (Male) |
| 19:44 | Build | Farm |
| 19:48 | Build | Farm |
| 19:51 | Build | Farm |
| 20:00 | Create | Villager (Male) |
| 20:00 | Create | Villager (Male) |
| 20:06 | Build | Farm |
| 20:06 | Create | Villager (Male) |
| 20:07 | Create | Villager (Male) |
| 20:07 | Create | Villager (Male) |
| 20:11 | Create | Villager (Male) |
| 20:11 | Create | Villager (Male) |
| 20:14 | Build | Farm |
| 20:14 | Build | Farm |
| 20:15 | Build | Farm |
| 20:15 | Build | Farm |
| 20:15 | Build | Farm |
| 20:16 | Build | Farm |
| 20:20 | Create | Villager (Male) |
| 20:22 | Build | Farm |
| 20:27 | Create | Villager (Male) |
| 20:28 | Create | Villager (Male) |
| 20:31 | Create | Villager (Male) |
| 20:31 | Create | Villager (Male) |
| 20:37 | Create | Villager (Male) |
| 20:38 | Build | House |
| 20:39 | Build | House |
| 20:40 | Build | House |
| 20:41 | Create | Villager (Male) |
| 20:42 | Create | Villager (Male) |
| 20:45 | Build | Farm |
| 20:47 | Create | Villager (Male) |
| 20:47 | Create | Villager (Male) |
| 20:53 | Create | Villager (Male) |
| 20:53 | Create | Villager (Male) |
| 21:00 | Build | Lumber Camp |
| 21:00 | Create | Villager (Male) |
| 21:01 | Create | Villager (Male) |
| 21:03 | Create | Villager (Male) |
| 21:05 | Build | Farm |
Build order — Eddie29_1314
First 150 of 600 actions detected
| 0:01 | Create | Villager (Male) |
| 0:01 | Create | Villager (Male) |
| 0:02 | Build | House |
| 0:03 | Build | House |
| 0:07 | Create | Villager (Male) |
| 0:07 | Create | Villager (Male) |
| 0:08 | Create | Villager (Male) |
| 1:41 | Create | Villager (Male) |
| 1:41 | Create | Villager (Male) |
| 2:11 | Create | Villager (Male) |
| 2:11 | Create | Villager (Male) |
| 2:11 | Create | Villager (Male) |
| 2:22 | Build | Lumber Camp |
| 2:58 | Create | Villager (Male) |
| 2:59 | Create | Villager (Male) |
| 2:59 | Create | Villager (Male) |
| 3:40 | Create | Villager (Male) |
| 3:41 | Create | Villager (Male) |
| 3:42 | Build | House |
| 3:44 | Build | House |
| 3:45 | Build | House |
| 4:34 | Create | Villager (Male) |
| 4:51 | Build | Mill |
| 5:01 | Create | Villager (Male) |
| 5:01 | Create | Villager (Male) |
| 5:24 | Create | Villager (Male) |
| 5:37 | Create | Villager (Male) |
| 5:39 | Research | Loom |
| 6:03 | Create | Villager (Male) |
| 6:49 | Create | Villager (Male) |
| 7:07 | Create | Villager (Male) |
| 7:21 | Build | Palisade Wall |
| 7:30 | Build | Palisade Wall |
| 7:36 | Create | Villager (Male) |
| 7:36 | Create | Villager (Male) |
| 8:08 | Create | Villager (Male) |
| 8:27 | Build | Mining Camp |
| 8:46 | Research | Feudal Age |
| 9:15 | Create | Villager (Male) |
| 9:16 | Create | Villager (Male) |
| 9:33 | Create | Villager (Male) |
| 11:13 | Age | Feudal Age |
| 11:17 | Build | Market |
| 11:19 | Build | Blacksmith |
| 12:06 | Research | Castle Age |
| 12:06 | Research | Castle Age |
| 12:07 | Research | Castle Age |
| 12:18 | Build | House |
| 12:19 | Build | House |
| 12:25 | Research | Double-Bit Axe |
| 12:26 | Research | Double-Bit Axe |
| 12:40 | Research | Horse Collar |
| 13:15 | Build | Farm |
| 13:18 | Build | Farm |
| 13:25 | Build | Farm |
| 13:27 | Create | Villager (Male) |
| 14:02 | Build | Farm |
| 14:06 | Build | Farm |
| 14:13 | Create | Villager (Male) |
| 14:32 | Age | Castle Age |
| 14:37 | Build | Town Center |
| 14:40 | Create | Villager (Male) |
| 14:46 | Create | Villager (Male) |
| 14:52 | Research | Bow Saw |
| 14:53 | Create | Villager (Male) |
| 15:32 | Create | Villager (Male) |
| 15:41 | Create | Villager (Male) |
| 15:45 | Build | Farm |
| 16:01 | Create | Villager (Male) |
| 16:02 | Create | Villager (Male) |
| 16:03 | Create | Villager (Male) |
| 16:03 | Create | Villager (Male) |
| 16:26 | Build | Town Center |
| 16:33 | Create | Villager (Male) |
| 16:33 | Create | Villager (Male) |
| 16:45 | Build | Farm |
| 16:53 | Build | Farm |
| 16:58 | Build | Farm |
| 17:01 | Create | Villager (Male) |
| 17:12 | Build | Farm |
| 17:18 | Create | Villager (Male) |
| 17:30 | Build | Farm |
| 17:32 | Create | Villager (Male) |
| 17:46 | Research | Heavy Plow |
| 17:52 | Create | Villager (Male) |
| 17:55 | Build | Farm |
| 17:59 | Build | House |
| 18:00 | Build | House |
| 18:10 | Create | Villager (Male) |
| 18:10 | Create | Villager (Male) |
| 18:17 | Build | Farm |
| 18:18 | Build | Farm |
| 18:20 | Build | Farm |
| 18:27 | Build | Farm |
| 18:30 | Create | Villager (Male) |
| 18:30 | Create | Villager (Male) |
| 18:33 | Build | Farm |
| 18:34 | Build | Farm |
| 18:44 | Create | Villager (Male) |
| 18:44 | Create | Villager (Male) |
| 18:45 | Create | Villager (Male) |
| 18:49 | Build | Farm |
| 18:49 | Build | Farm |
| 18:54 | Create | Villager (Male) |
| 18:54 | Create | Villager (Male) |
| 18:54 | Create | Villager (Male) |
| 18:55 | Create | Villager (Male) |
| 19:02 | Build | Farm |
| 19:06 | Build | Farm |
| 19:08 | Create | Villager (Male) |
| 19:08 | Create | Villager (Male) |
| 19:12 | Build | Farm |
| 19:14 | Create | Villager (Male) |
| 19:14 | Create | Villager (Male) |
| 19:15 | Create | Villager (Male) |
| 19:15 | Create | Villager (Male) |
| 19:15 | Create | Villager (Male) |
| 19:19 | Build | Farm |
| 19:21 | Build | Farm |
| 19:22 | Build | Farm |
| 19:27 | Create | Villager (Male) |
| 19:27 | Create | Villager (Male) |
| 19:27 | Create | Villager (Male) |
| 19:32 | Build | Farm |
| 19:33 | Build | Farm |
| 19:35 | Create | Villager (Male) |
| 19:36 | Create | Villager (Male) |
| 19:39 | Build | House |
| 19:40 | Build | House |
| 19:42 | Create | Villager (Male) |
| 19:43 | Create | Villager (Male) |
| 19:52 | Create | Villager (Male) |
| 19:52 | Create | Villager (Male) |
| 20:06 | Create | Villager (Male) |
| 20:06 | Create | Villager (Male) |
| 20:07 | Create | Villager (Male) |
| 20:14 | Build | Farm |
| 20:15 | Build | Mill |
| 20:16 | Build | Farm |
| 20:16 | Build | Farm |
| 20:17 | Build | Farm |
| 20:17 | Build | Farm |
| 20:17 | Build | Farm |
| 20:17 | Build | Farm |
| 20:20 | Create | Villager (Male) |
| 20:20 | Create | Villager (Male) |
| 20:20 | Create | Villager (Male) |
| 20:35 | Create | Villager (Male) |
| 20:35 | Create | Villager (Male) |
| 20:35 | Create | Villager (Male) |
Build order — King Cani
First 150 of 386 actions detected
| 0:01 | Create | Villager (Male) |
| 0:02 | Create | Villager (Male) |
| 0:03 | Build | House |
| 0:03 | Build | House |
| 0:17 | Create | Villager (Male) |
| 0:24 | Create | Villager (Male) |
| 1:25 | Create | Villager (Male) |
| 1:48 | Build | Lumber Camp |
| 2:07 | Create | Villager (Male) |
| 2:13 | Create | Villager (Male) |
| 2:13 | Create | Villager (Male) |
| 2:45 | Create | Villager (Male) |
| 2:58 | Create | Villager (Male) |
| 3:28 | Create | Villager (Male) |
| 3:41 | Build | House |
| 3:43 | Create | Villager (Male) |
| 3:57 | Create | Villager (Male) |
| 4:26 | Create | Villager (Male) |
| 4:48 | Create | Villager (Male) |
| 5:00 | Create | Villager (Male) |
| 5:03 | Build | Mill |
| 5:12 | Create | Villager (Male) |
| 5:53 | Research | Loom |
| 6:06 | Create | Villager (Male) |
| 6:45 | Create | Villager (Male) |
| 7:11 | Create | Villager (Male) |
| 7:45 | Research | Feudal Age |
| 8:19 | Build | House |
| 8:46 | Build | Barracks |
| 9:55 | Age | Feudal Age |
| 9:57 | Create | Villager (Male) |
| 10:00 | Build | Town Center |
| 10:03 | Research | Double-Bit Axe |
| 10:05 | Create | Villager (Male) |
| 10:08 | Create | Villager (Male) |
| 10:50 | Create | Villager (Male) |
| 11:23 | Research | Horse Collar |
| 11:27 | Create | Villager (Male) |
| 11:46 | Create | Villager (Male) |
| 11:59 | Build | Farm |
| 12:03 | Create | Villager (Male) |
| 12:04 | Create | Villager (Male) |
| 12:11 | Build | Farm |
| 12:12 | Build | Farm |
| 12:14 | Create | Villager (Male) |
| 12:25 | Build | House |
| 12:29 | Create | Villager (Male) |
| 12:35 | Create | Villager (Male) |
| 12:35 | Create | Villager (Male) |
| 12:44 | Create | Villager (Male) |
| 12:50 | Build | Farm |
| 12:53 | Create | Villager (Male) |
| 12:59 | Build | Farm |
| 13:02 | Build | Farm |
| 13:08 | Create | Villager (Male) |
| 13:16 | Create | Villager (Male) |
| 13:36 | Build | Farm |
| 14:01 | Build | Market |
| 14:03 | Create | Villager (Male) |
| 14:16 | Create | Villager (Male) |
| 14:17 | Create | Villager (Male) |
| 14:46 | Build | Barracks |
| 14:50 | Build | Farm |
| 15:02 | Create | Villager (Male) |
| 15:42 | Build | Blacksmith |
| 15:56 | Build | Stable |
| 16:10 | Build | House |
| 16:12 | Research | Castle Age |
| 16:12 | Research | Castle Age |
| 16:27 | Build | Mining Camp |
| 16:48 | Build | Farm |
| 16:48 | Build | Farm |
| 16:52 | Build | Farm |
| 16:53 | Build | Farm |
| 17:03 | Build | Stable |
| 17:06 | Research | Bloodlines |
| 17:15 | Build | Farm |
| 17:25 | Create | Villager (Male) |
| 17:26 | Research | Scale Barding Armor |
| 17:32 | Build | Farm |
| 17:47 | Build | House |
| 17:55 | Create | Villager (Male) |
| 18:16 | Build | House |
| 18:28 | Research | Wheelbarrow |
| 18:30 | Create | Villager (Male) |
| 18:33 | Research | Gold Mining |
| 18:52 | Age | Castle Age |
| 18:55 | Create | Knight |
| 18:55 | Create | Knight |
| 19:05 | Create | Villager (Male) |
| 19:08 | Build | House |
| 19:21 | Build | Farm |
| 19:23 | Build | Lumber Camp |
| 19:29 | Create | Villager (Male) |
| 19:30 | Create | Villager (Male) |
| 19:32 | Build | Farm |
| 19:34 | Build | Farm |
| 19:42 | Create | Knight |
| 19:42 | Create | Knight |
| 20:02 | Build | House |
| 20:05 | Create | Knight |
| 20:06 | Create | Villager (Male) |
| 20:08 | Build | Farm |
| 20:09 | Build | Farm |
| 20:12 | Create | Villager (Male) |
| 20:20 | Build | Mill |
| 20:30 | Build | Farm |
| 20:32 | Build | Farm |
| 20:37 | Build | Farm |
| 20:37 | Build | Farm |
| 20:40 | Build | Farm |
| 20:46 | Build | Farm |
| 20:54 | Research | Chain Barding Armor |
| 20:54 | Research | Chain Barding Armor |
| 21:03 | Build | Building 796 |
| 21:05 | Create | Knight |
| 21:05 | Create | Knight |
| 21:09 | Create | Knight |
| 21:10 | Create | Knight |
| 21:26 | Create | Villager (Male) |
| 21:26 | Create | Villager (Male) |
| 21:45 | Build | Stable |
| 21:48 | Create | Knight |
| 21:48 | Create | Knight |
| 21:48 | Create | Knight |
| 21:49 | Create | Villager (Male) |
| 22:06 | Create | Villager (Male) |
| 22:06 | Create | Villager (Male) |
| 22:10 | Build | Farm |
| 22:12 | Create | Villager (Male) |
| 22:15 | Build | House |
| 22:15 | Build | House |
| 22:19 | Build | House |
| 22:20 | Build | House |
| 22:30 | Create | Knight |
| 22:31 | Create | Knight |
| 22:31 | Create | Knight |
| 22:41 | Research | Forging |
| 22:46 | Create | Villager (Male) |
| 22:51 | Build | House |
| 23:02 | Build | House |
| 23:06 | Build | Monastery |
| 23:06 | Create | Villager (Male) |
| 23:08 | Build | Farm |
| 23:09 | Build | Farm |
| 23:12 | Create | Villager (Male) |
| 23:13 | Create | Villager (Male) |
| 23:14 | Create | Knight |
| 23:14 | Create | Knight |
| 23:24 | Build | House |
Build order — Kevin10_7414
First 150 of 543 actions detected
| 0:01 | Create | Villager (Male) |
| 0:01 | Create | Villager (Male) |
| 0:01 | Create | Villager (Male) |
| 0:02 | Create | Villager (Male) |
| 0:02 | Create | Villager (Male) |
| 0:03 | Build | House |
| 0:04 | Build | House |
| 0:21 | Research | Loom |
| 0:22 | Create | Villager (Male) |
| 0:22 | Create | Villager (Male) |
| 0:22 | Create | Villager (Male) |
| 0:23 | Create | Villager (Male) |
| 0:23 | Create | Villager (Male) |
| 1:12 | Build | Palisade Wall |
| 1:15 | Build | Palisade Wall |
| 1:21 | Build | Building 796 |
| 1:30 | Build | Palisade Wall |
| 1:37 | Build | Palisade Wall |
| 2:16 | Create | Villager (Male) |
| 2:16 | Create | Villager (Male) |
| 2:54 | Build | Lumber Camp |
| 2:54 | Create | Villager (Male) |
| 3:21 | Create | Villager (Male) |
| 3:21 | Create | Villager (Male) |
| 3:21 | Create | Villager (Male) |
| 4:01 | Create | Villager (Male) |
| 4:01 | Create | Villager (Male) |
| 4:02 | Create | Villager (Male) |
| 4:23 | Create | Villager (Male) |
| 4:23 | Create | Villager (Male) |
| 4:23 | Create | Villager (Male) |
| 4:27 | Build | Palisade Wall |
| 4:43 | Build | Palisade Wall |
| 4:51 | Create | Villager (Male) |
| 4:51 | Create | Villager (Male) |
| 4:51 | Create | Villager (Male) |
| 5:07 | Create | Villager (Male) |
| 5:07 | Create | Villager (Male) |
| 5:07 | Create | Villager (Male) |
| 5:35 | Create | Villager (Male) |
| 5:36 | Create | Villager (Male) |
| 5:36 | Create | Villager (Male) |
| 5:47 | Create | Villager (Male) |
| 5:47 | Create | Villager (Male) |
| 6:11 | Build | House |
| 6:18 | Create | Villager (Male) |
| 6:18 | Create | Villager (Male) |
| 6:18 | Create | Villager (Male) |
| 6:40 | Create | Villager (Male) |
| 6:40 | Create | Villager (Male) |
| 6:40 | Create | Villager (Male) |
| 6:59 | Create | Villager (Male) |
| 7:00 | Create | Villager (Male) |
| 7:00 | Create | Villager (Male) |
| 7:20 | Create | Villager (Male) |
| 7:20 | Create | Villager (Male) |
| 7:20 | Create | Villager (Male) |
| 7:44 | Build | Barracks |
| 8:01 | Build | House |
| 8:42 | Create | Villager (Male) |
| 8:44 | Create | Villager (Male) |
| 9:19 | Build | House |
| 9:42 | Research | Feudal Age |
| 9:42 | Research | Feudal Age |
| 9:50 | Build | Mill |
| 10:01 | Create | Militia |
| 10:02 | Create | Militia |
| 10:02 | Create | Militia |
| 10:21 | Create | Militia |
| 10:21 | Create | Militia |
| 10:28 | Build | House |
| 11:11 | Build | Palisade Wall |
| 11:14 | Build | Palisade Wall |
| 11:19 | Build | Palisade Wall |
| 11:34 | Create | Villager (Male) |
| 11:40 | Build | Palisade Wall |
| 11:42 | Build | Palisade Wall |
| 11:44 | Build | Palisade Wall |
| 11:47 | Create | Villager (Male) |
| 11:48 | Create | Villager (Male) |
| 11:52 | Age | Feudal Age |
| 11:56 | Build | Watch Tower |
| 11:59 | Research | Man-at-Arms (upgrade) |
| 12:00 | Create | Villager (Male) |
| 12:00 | Create | Villager (Male) |
| 12:08 | Create | Villager (Male) |
| 12:34 | Create | Militia |
| 12:47 | Create | Villager (Male) |
| 13:37 | Create | Villager (Male) |
| 13:37 | Create | Villager (Male) |
| 13:59 | Create | Villager (Male) |
| 14:20 | Create | Villager (Male) |
| 14:20 | Create | Villager (Male) |
| 14:29 | Build | House |
| 14:32 | Build | Palisade Wall |
| 14:35 | Create | Villager (Male) |
| 14:40 | Build | Farm |
| 14:41 | Build | Farm |
| 14:42 | Build | Farm |
| 14:44 | Research | Double-Bit Axe |
| 14:44 | Research | Horse Collar |
| 14:51 | Build | House |
| 14:57 | Research | Horse Collar |
| 14:57 | Create | Villager (Male) |
| 14:59 | Build | Farm |
| 15:00 | Build | Farm |
| 15:01 | Build | Farm |
| 15:23 | Build | Farm |
| 15:33 | Create | Villager (Male) |
| 15:46 | Create | Villager (Male) |
| 15:53 | Build | Mining Camp |
| 16:04 | Create | Villager (Male) |
| 16:07 | Build | Farm |
| 16:46 | Create | Villager (Male) |
| 16:46 | Create | Villager (Male) |
| 16:53 | Create | Villager (Male) |
| 16:59 | Build | Mining Camp |
| 17:03 | Build | Farm |
| 17:04 | Build | Farm |
| 17:15 | Create | Villager (Male) |
| 17:31 | Build | Stone Wall |
| 17:35 | Build | Stone Wall |
| 17:43 | Create | Villager (Male) |
| 17:50 | Build | Farm |
| 17:53 | Create | Villager (Male) |
| 17:59 | Build | Stone Wall |
| 18:00 | Build | Stone Wall |
| 18:02 | Create | Villager (Male) |
| 18:09 | Build | Lumber Camp |
| 18:16 | Build | Market |
| 18:20 | Build | Blacksmith |
| 18:22 | Create | Villager (Male) |
| 18:44 | Create | Villager (Male) |
| 18:57 | Create | Villager (Male) |
| 19:04 | Build | Stone Wall |
| 19:12 | Research | Town Watch |
| 19:15 | Build | Outpost |
| 19:29 | Build | Farm |
| 19:38 | Research | Wheelbarrow |
| 20:00 | Build | Stone Wall |
| 20:10 | Build | House |
| 20:10 | Build | House |
| 20:14 | Build | Stone Wall |
| 20:44 | Research | Castle Age |
| 20:49 | Build | House |
| 20:50 | Build | House |
| 22:06 | Create | Villager (Male) |
| 22:07 | Create | Villager (Male) |
| 22:31 | Create | Villager (Male) |
| 22:31 | Create | Villager (Male) |
Match timeline
| 0:34 | hanson013 · wall_segment Palisade Wall x10 |
| 0:45 | hanson013 · wall_segment Palisade Wall x12 |
| 0:58 | Tony Pitony · wall_segment Palisade Wall x6 |
| 0:59 | TheFaceless23 · wall_segment Palisade Wall x11 |
| 1:12 | Kevin10_7414 · wall_segment Palisade Wall x4 |
| 1:15 | Kevin10_7414 · wall_segment Palisade Wall x4 |
| 1:30 | Kevin10_7414 · wall_segment Palisade Wall x1 |
| 1:37 | Kevin10_7414 · wall_segment Palisade Wall x1 |
| 3:04 | hanson013 · wall_segment Palisade Wall x1 |
| 4:27 | Kevin10_7414 · wall_segment Palisade Wall x4 |
| 4:43 | Kevin10_7414 · wall_segment Palisade Wall x3 |
| 5:37 | TheFaceless23 · wall_segment Palisade Wall x8 |
| 5:42 | TheFaceless23 · wall_segment Palisade Wall x13 |
| 6:48 | hanson013 · wall_segment Palisade Wall x6 |
| 7:11 | TheFaceless23 · wall_segment Palisade Wall x1 |
| 7:19 | TheFaceless23 · wall_segment Palisade Wall x1 |
| 7:21 | Eddie29_1314 · wall_segment Palisade Wall x1 |
| 7:25 | TheFaceless23 · wall_segment Palisade Wall x1 |
| 7:30 | Eddie29_1314 · wall_segment Palisade Wall x1 |
| 7:44 | Kevin10_7414 · first_building Barracks |
| 8:43 | Tony Pitony · first_building Barracks |
| 8:46 | King Cani · first_building Barracks |
| 9:55 | King Cani · age_up feudal |
| 10:47 | Tony Pitony · age_up feudal |
| 10:57 | friend00792 · age_up feudal |
| 11:11 | Kevin10_7414 · wall_segment Palisade Wall x2 |
| 11:12 | Tony Pitony · wall_segment Palisade Wall x8 |
| 11:13 | Eddie29_1314 · age_up feudal |
| 11:14 | Kevin10_7414 · wall_segment Palisade Wall x2 |
| 11:16 | Contadinu(?) · age_up feudal |
| 11:19 | Kevin10_7414 · wall_segment Palisade Wall x1 |
| 11:40 | Kevin10_7414 · wall_segment Palisade Wall x1 |
| 11:42 | Kevin10_7414 · wall_segment Palisade Wall x1 |
| 11:44 | Kevin10_7414 · wall_segment Palisade Wall x1 |
| 11:52 | Kevin10_7414 · age_up feudal |
| 12:14 | Tony Pitony · wall_segment Stone Wall x7 |
| 12:21 | friend00792 · first_market_buy 100 food |
| 12:24 | friend00792 · first_market_sell 100 wood |
| 12:30 | TheFaceless23 · age_up feudal |
| 12:42 | TheFaceless23 · wall_segment Stone Wall x9 |
| 12:44 | TheFaceless23 · wall_segment Stone Wall x1 |
| 12:45 | hanson013 · age_up feudal |
| 12:46 | TheFaceless23 · wall_segment Stone Wall x9 |
| 12:48 | TheFaceless23 · wall_segment Stone Wall x4 |
| 12:49 | hanson013 · wall_segment Stone Wall x12 |
| 12:53 | hanson013 · wall_segment Stone Wall x9 |
| 13:16 | Tony Pitony · wall_segment Stone Wall x1 |
| 14:14 | Tony Pitony · wall_segment Stone Wall x7 |
| 14:32 | Eddie29_1314 · age_up castle |
| 14:32 | Kevin10_7414 · wall_segment Palisade Wall x1 |
| 14:42 | hanson013 · wall_segment Stone Wall x10 |
| 14:59 | Contadinu(?) · age_up castle |
| 15:20 | friend00792 · age_up castle |
| 15:56 | King Cani · first_building Stable |
| 16:40 | TheFaceless23 · first_building Barracks |
| 16:41 | hanson013 · wall_segment Palisade Wall x1 |
| 17:23 | hanson013 · wall_segment Stone Wall x1 |
| 17:31 | Contadinu(?) · first_market_buy 100 stone |
| 17:31 | Kevin10_7414 · wall_segment Stone Wall x2 |
| 17:32 | TheFaceless23 · age_up castle |
| 17:35 | Kevin10_7414 · wall_segment Stone Wall x1 |
| 17:45 | Eddie29_1314 · first_market_buy 100 food |
| 17:45 | hanson013 · wall_segment Stone Wall x1 |
| 17:48 | TheFaceless23 · first_building Siege Workshop |
| 17:59 | Kevin10_7414 · wall_segment Stone Wall x1 |
| 17:59 | hanson013 · wall_segment Stone Wall x8 |
| 18:00 | Kevin10_7414 · wall_segment Stone Wall x1 |
| 18:02 | hanson013 · age_up castle |
| 18:08 | hanson013 · first_building Siege Workshop |
| 18:20 | hanson013 · first_market_buy 100 stone |
| 18:52 | King Cani · age_up castle |
| 19:04 | Kevin10_7414 · wall_segment Stone Wall x2 |
| 19:10 | Tony Pitony · wall_segment Stone Wall x7 |
| 19:16 | friend00792 · first_building Barracks |
| 19:17 | Tony Pitony · wall_segment Stone Wall x7 |
| 19:22 | hanson013 · wall_segment Stone Wall x5 |
| 19:41 | Tony Pitony · wall_segment Stone Wall x1 |
| 19:42 | Tony Pitony · wall_segment Stone Wall x1 |
| 20:00 | Kevin10_7414 · wall_segment Stone Wall x1 |
| 20:12 | Tony Pitony · wall_segment Stone Wall x4 |
| 20:14 | Kevin10_7414 · wall_segment Stone Wall x1 |
| 20:15 | Tony Pitony · wall_segment Stone Wall x3 |
| 20:19 | friend00792 · first_building Stable |
| 20:26 | TheFaceless23 · first_market_buy 100 wood |
| 20:36 | friend00792 · first_building Siege Workshop |
| 20:39 | Tony Pitony · wall_segment Stone Wall x1 |
| 21:08 | Tony Pitony · wall_segment Stone Wall x5 |
| 21:41 | Tony Pitony · age_up castle |
| 21:45 | friend00792 · first_building Monastery |
| 21:47 | hanson013 · wall_segment Stone Wall x9 |
| 21:53 | hanson013 · wall_segment Stone Wall x1 |
| 22:01 | hanson013 · wall_segment Stone Wall x9 |
| 22:09 | hanson013 · wall_segment Stone Wall x6 |
| 22:14 | hanson013 · wall_segment Stone Wall x6 |
| 22:16 | Contadinu(?) · first_building Monastery |
| 23:06 | King Cani · first_building Monastery |
| 23:07 | Contadinu(?) · first_building Siege Workshop |
| 23:16 | Contadinu(?) · first_building Barracks |
| 23:17 | Eddie29_1314 · first_building Monastery |
| 23:23 | hanson013 · wall_segment Stone Wall x1 |
| 23:27 | hanson013 · wall_segment Stone Wall x1 |
| 23:42 | Kevin10_7414 · age_up castle |
| 23:47 | Kevin10_7414 · first_market_buy 100 stone |
| 23:53 | Tony Pitony · first_building Monastery |
| 23:53 | hanson013 · wall_segment Stone Wall x1 |
| 23:56 | hanson013 · wall_segment Stone Wall x1 |
| 23:58 | Kevin10_7414 · first_building Monastery |
| 24:04 | hanson013 · wall_segment Stone Wall x1 |
| 24:14 | hanson013 · wall_segment Stone Wall x1 |
| 24:20 | hanson013 · wall_segment Stone Wall x2 |
| 24:26 | hanson013 · wall_segment Stone Wall x3 |
| 24:43 | hanson013 · wall_segment Stone Wall x1 |
| 24:55 | hanson013 · first_market_sell 100 wood |
| 24:59 | hanson013 · wall_segment Stone Wall x1 |
| 25:07 | Eddie29_1314 · tribute_sent a jugador 1 |
| 25:07 | Eddie29_1314 · tribute_sent a jugador 2 |
| 25:07 | Eddie29_1314 · tribute_sent a jugador 3 |
| 25:07 | Eddie29_1314 · tribute_sent a jugador 4 |
| 25:07 | Eddie29_1314 · tribute_sent a jugador 5 |
| 25:07 | Eddie29_1314 · tribute_sent a jugador 7 |
| 25:07 | Eddie29_1314 · tribute_sent a jugador 8 |
| 25:08 | hanson013 · wall_segment Stone Wall x1 |
| 25:10 | TheFaceless23 · first_market_sell 100 food |
| 25:10 | hanson013 · wall_segment Stone Wall x1 |
| 25:14 | hanson013 · wall_segment Stone Wall x3 |
| 25:20 | hanson013 · wall_segment Stone Wall x1 |
| 25:27 | Eddie29_1314 · first_market_sell 100 stone |
| 25:35 | hanson013 · wall_segment Stone Wall x3 |
| 25:38 | hanson013 · wall_segment Stone Wall x1 |
| 25:41 | hanson013 · wall_segment Stone Wall x1 |
| 25:50 | hanson013 · wall_segment Stone Wall x1 |
| 25:51 | hanson013 · wall_segment Stone Wall x1 |
| 25:55 | hanson013 · wall_segment Stone Wall x1 |
| 25:58 | hanson013 · wall_segment Stone Wall x1 |
| 26:03 | hanson013 · wall_segment Stone Wall x3 |
| 26:12 | hanson013 · wall_segment Stone Wall x1 |
| 26:25 | hanson013 · wall_segment Stone Wall x1 |
| 26:26 | Eddie29_1314 · first_building Barracks |
| 26:30 | hanson013 · wall_segment Stone Wall x1 |
| 26:33 | hanson013 · wall_segment Stone Wall x2 |
| 26:39 | King Cani · first_building Siege Workshop |
| 26:50 | King Cani · first_market_sell 100 wood |
| 27:01 | TheFaceless23 · resign |
| 27:11 | Eddie29_1314 · first_building Stable |
| 27:49 | Contadinu(?) · age_up imperial |
| 28:21 | Eddie29_1314 · first_building Siege Workshop |
| 28:25 | Kevin10_7414 · wall_segment Stone Wall x8 |
| 28:57 | Kevin10_7414 · first_building Siege Workshop |
| 29:04 | Kevin10_7414 · wall_segment Stone Wall x5 |
| 29:06 | Kevin10_7414 · wall_segment Stone Wall x6 |
| 29:08 | Eddie29_1314 · first_building Archery Range |
| 29:13 | Eddie29_1314 · age_up imperial |
| 29:33 | Kevin10_7414 · wall_segment Stone Wall x5 |
| 29:36 | Kevin10_7414 · wall_segment Stone Wall x3 |
| 29:43 | Tony Pitony · first_building Stable |
| 29:43 | Kevin10_7414 · wall_segment Stone Wall x4 |
| 29:48 | Kevin10_7414 · wall_segment Stone Wall x3 |
| 29:55 | Kevin10_7414 · wall_segment Stone Wall x1 |
| 29:58 | Kevin10_7414 · wall_segment Stone Wall x3 |
| 30:02 | friend00792 · first_building Castle |
| 30:09 | Kevin10_7414 · wall_segment Stone Wall x4 |
| 30:24 | Kevin10_7414 · wall_segment Stone Wall x2 |
| 30:25 | Kevin10_7414 · wall_segment Stone Wall x1 |
| 30:26 | Kevin10_7414 · wall_segment Stone Wall x3 |
| 30:47 | Kevin10_7414 · wall_segment Stone Wall x4 |
| 30:48 | King Cani · age_up imperial |
| 30:50 | Kevin10_7414 · wall_segment Stone Wall x1 |
| 31:09 | Contadinu(?) · first_building Castle |
| 31:23 | friend00792 · age_up imperial |
| 31:50 | Eddie29_1314 · first_building Castle |
| 31:51 | Tony Pitony · first_building Castle |
| 31:52 | King Cani · wall_segment Palisade Wall x8 |
| 32:17 | hanson013 · wall_segment Stone Wall x6 |
| 32:20 | Kevin10_7414 · first_building Castle |
| 32:22 | hanson013 · wall_segment Stone Wall x1 |
| 32:25 | Kevin10_7414 · first_building Archery Range |
| 32:26 | Kevin10_7414 · first_building Stable |
| 32:27 | hanson013 · wall_segment Stone Wall x7 |
| 32:30 | King Cani · wall_segment Palisade Wall x1 |
| 32:32 | King Cani · wall_segment Palisade Wall x6 |
| 32:33 | hanson013 · wall_segment Stone Wall x7 |
| 32:38 | hanson013 · wall_segment Stone Wall x3 |
| 33:16 | King Cani · wall_segment Palisade Wall x8 |
| 33:17 | King Cani · wall_segment Palisade Wall x7 |
| 33:20 | King Cani · wall_segment Palisade Wall x4 |
| 33:22 | hanson013 · wall_segment Stone Wall x1 |
| 33:31 | hanson013 · wall_segment Stone Wall x9 |
| 33:40 | Tony Pitony · first_market_sell 500 wood |
| 34:26 | hanson013 · wall_segment Stone Wall x1 |
| 34:40 | Tony Pitony · age_up imperial |
| 34:42 | King Cani · wall_segment Palisade Wall x8 |
| 34:45 | King Cani · wall_segment Palisade Wall x5 |
| 35:03 | hanson013 · wall_segment Stone Wall x1 |
| 35:19 | Kevin10_7414 · age_up imperial |
| 36:35 | King Cani · wall_segment Palisade Wall x1 |
| 36:53 | King Cani · wall_segment Palisade Wall x1 |
| 37:14 | hanson013 · wall_segment Stone Wall x8 |
| 37:25 | hanson013 · wall_segment Stone Wall x1 |
| 37:48 | King Cani · wall_segment Palisade Wall x1 |
| 37:50 | hanson013 · first_building Castle |
| 37:52 | King Cani · wall_segment Palisade Wall x1 |
| 37:58 | hanson013 · first_building Barracks |
| 38:05 | hanson013 · wall_segment Stone Wall x1 |
| 38:08 | King Cani · wall_segment Palisade Wall x1 |
| 38:26 | hanson013 · first_building Monastery |
| 38:42 | Eddie29_1314 · wall_segment Stone Wall x17 |
| 38:47 | Kevin10_7414 · first_market_sell 500 food |
| 38:55 | hanson013 · wall_segment Stone Wall x2 |
| 39:09 | King Cani · wall_segment Palisade Wall x1 |
| 39:12 | King Cani · wall_segment Palisade Wall x1 |
| 39:18 | King Cani · wall_segment Palisade Wall x1 |
| 39:22 | King Cani · wall_segment Palisade Wall x1 |
| 39:25 | King Cani · wall_segment Palisade Wall x1 |
| 39:29 | King Cani · wall_segment Palisade Wall x1 |
| 39:33 | King Cani · wall_segment Palisade Wall x1 |
| 39:34 | King Cani · wall_segment Palisade Wall x1 |
| 39:40 | King Cani · wall_segment Palisade Wall x4 |
| 39:42 | King Cani · wall_segment Palisade Wall x2 |
| 39:44 | King Cani · wall_segment Palisade Wall x4 |
| 39:55 | Eddie29_1314 · wall_segment Stone Wall x5 |
| 40:01 | King Cani · first_building Castle |
| 40:40 | King Cani · wall_segment Palisade Wall x12 |
| 40:47 | Eddie29_1314 · wall_segment Stone Wall x13 |
| 41:03 | King Cani · wall_segment Palisade Wall x10 |
| 41:05 | King Cani · wall_segment Palisade Wall x1 |
| 41:14 | King Cani · wall_segment Palisade Wall x2 |
| 41:25 | Contadinu(?) · tribute_sent a jugador 1 |
| 41:25 | Contadinu(?) · tribute_sent a jugador 2 |
| 41:25 | Contadinu(?) · tribute_sent a jugador 3 |
| 41:25 | Contadinu(?) · tribute_sent a jugador 4 |
| 41:25 | Contadinu(?) · tribute_sent a jugador 6 |
| 41:25 | Contadinu(?) · tribute_sent a jugador 7 |
| 41:25 | Contadinu(?) · tribute_sent a jugador 8 |
| 41:28 | friend00792 · tribute_sent a jugador 1 |
| 41:28 | friend00792 · tribute_sent a jugador 3 |
| 41:28 | friend00792 · tribute_sent a jugador 4 |
| 41:28 | friend00792 · tribute_sent a jugador 5 |
| 41:28 | friend00792 · tribute_sent a jugador 6 |
| 41:28 | friend00792 · tribute_sent a jugador 7 |
| 41:28 | friend00792 · tribute_sent a jugador 8 |
| 41:37 | King Cani · wall_segment Palisade Wall x7 |
| 41:40 | King Cani · wall_segment Palisade Wall x8 |
| 41:41 | King Cani · wall_segment Palisade Wall x1 |
| 41:45 | King Cani · wall_segment Palisade Wall x2 |
| 41:45 | King Cani · wall_segment Palisade Wall x1 |
| 42:01 | hanson013 · tribute_sent a jugador 1 |
| 42:01 | hanson013 · tribute_sent a jugador 2 |
| 42:01 | hanson013 · tribute_sent a jugador 3 |
| 42:01 | hanson013 · tribute_sent a jugador 5 |
| 42:01 | hanson013 · tribute_sent a jugador 6 |
| 42:01 | hanson013 · tribute_sent a jugador 7 |
| 42:01 | hanson013 · tribute_sent a jugador 8 |
| 42:04 | friend00792 · tribute_sent a jugador 1 |
| 42:04 | friend00792 · tribute_sent a jugador 3 |
| 42:04 | friend00792 · tribute_sent a jugador 4 |
| 42:04 | friend00792 · tribute_sent a jugador 5 |
| 42:04 | friend00792 · tribute_sent a jugador 6 |
| 42:04 | friend00792 · tribute_sent a jugador 7 |
| 42:04 | friend00792 · tribute_sent a jugador 8 |
| 42:28 | King Cani · wall_segment Palisade Wall x8 |
| 42:29 | King Cani · wall_segment Palisade Wall x3 |
| 42:43 | hanson013 · age_up imperial |
| 42:54 | King Cani · wall_segment Palisade Wall x5 |
| 42:56 | Eddie29_1314 · wall_segment Stone Wall x8 |
| 43:33 | Tony Pitony · wall_segment Stone Wall x18 |
| 43:36 | Eddie29_1314 · wall_segment Stone Wall x9 |
| 43:38 | Tony Pitony · wall_segment Stone Wall x13 |
| 43:49 | Contadinu(?) · wall_segment Stone Wall x15 |
| 44:24 | Contadinu(?) · wall_segment Stone Wall x8 |
| 44:26 | Contadinu(?) · wall_segment Stone Wall x8 |
| 44:49 | Tony Pitony · wall_segment Stone Wall x9 |
| 45:03 | Eddie29_1314 · wall_segment Stone Wall x4 |
| 45:16 | Tony Pitony · wall_segment Stone Wall x11 |
| 45:19 | Tony Pitony · wall_segment Stone Wall x11 |
| 45:39 | Tony Pitony · wall_segment Stone Wall x10 |
| 45:42 | Tony Pitony · wall_segment Stone Wall x1 |
| 46:00 | Tony Pitony · tribute_sent a jugador 2 |
| 46:00 | Tony Pitony · tribute_sent a jugador 3 |
| 46:00 | Tony Pitony · tribute_sent a jugador 4 |
| 46:00 | Tony Pitony · tribute_sent a jugador 5 |
| 46:00 | Tony Pitony · tribute_sent a jugador 6 |
| 46:00 | Tony Pitony · tribute_sent a jugador 7 |
| 46:00 | Tony Pitony · tribute_sent a jugador 8 |
| 46:23 | Tony Pitony · wall_segment Stone Wall x8 |
[ AI ANALYSIS · 1 CREDIT ]
What really happened in this match?
Wolo.gg analyzes every decision: build order, eco, micro, common mistakes by bracket. Personalized analysis on WhatsApp or Discord in 30 seconds.
Civ guide
Teutons
Perfil
Jugador #2999254